 Dungeon Crawl Stone Soup version 0.29-a0-283-ga02f740833 (webtiles) character file.

Game seed: 14560903355990900446

162 Ajdolov the Slasher (level 5, -1/33 HPs)
             Began as a Tengu Monk on Mar 13, 2022.
             Slain by a gnoll
             ... wielding a +2 flail of protection
              (10 damage)
             ... on level 3 of the Dungeon.
             The game lasted 00:02:46 (2541 turns).

Ajdolov the Slasher (Tengu Monk)                    Turns: 2541, Time: 00:02:47

Health: -1/33      AC:  3    Str: 12    XL:     5   Next: 43%
Magic:  6/6        EV: 16    Int: 10    God:
Gold:   132        SH:  0    Dex: 18    Spells: 4/4 levels left

rFire   . . .      SeeInvis .   a - +0 falchion
rCold   . . .      Faith    .   (no shield)
rNeg    . . .      Spirit   .   b - +0 robe
rPois   .          Reflect  .   (helmet restricted)
rElec   .          Harm     .   f - +0 cloak
rCorr   .          Rampage  .   (no gloves)
Will    .....                   (boots unavailable)
Stlth   ++........              (no amulet)
HPRegen 0.11/turn               (no ring)
MPRegen 0.10/turn               (no ring)

@: flying quickly and evasively, quick
A: beak, talons 3, nimble flight
a: no special abilities


You were on level 3 of the Dungeon.
You visited 1 branch of the dungeon, and saw 3 of its levels.

You collected 132 gold pieces.

Inventory:

Hand Weapons
 a - a +0 falchion (weapon)
Armour
 b - a +0 robe (worn)
 f - a +0 cloak (worn)
 q - a +0 kite shield
Wands
 c - a wand of flame (1)
Scrolls
 e - 3 scrolls of teleportation {unknown}
 g - 4 scrolls of identify {unknown}
 l - a scroll of holy word {unknown}
 r - a scroll of amnesia {unknown}
Potions
 d - 2 potions of degeneration {unknown}
 h - 2 potions of invisibility {unknown}
 i - a potion of mutation {unknown}
 j - a potion of curing {unknown}
 k - a potion of resistance {unknown}
 m - a potion of flight {unknown}
 n - a potion of berserk rage {unknown}
 o - a potion of haste {unknown}
 p - 2 potions of cancellation {unknown}


   Skills:
 + Level 4.1 Fighting
 * Level 5.7 Long Blades
 - Level 3.2 Dodging
 - Level 2.0 Stealth


You had 4 spell levels left.
You didn't know any spells.
Your spell library was empty.

Dungeon Overview and Level Annotations

Branches:
Dungeon (3/15)

Altars:
Makhleb
Ru
Vehumet


Innate Abilities, Weirdness & Mutations

You have a beak for a mouth.
You have claws for feet.
Your magical nature lets you fly swiftly and evasively.


Message History

The gnoll is heavily wounded.
You hit the gnoll but do no damage. You peck the gnoll.
The gnoll is almost dead.
The gnoll hits you with a +2 flail of protection!
The gnoll closely misses you. x2
You hit the gnoll.
You kill the gnoll!
The gnoll hits you with a +2 flail of protection.
The gnoll closely misses you.
You hit the gnoll. You claw the gnoll, but do no damage.
The gnoll is lightly wounded.
The gnoll barely misses you. The gnoll misses you.
You closely miss the gnoll.
The gnoll is lightly wounded.
The gnoll misses you. The gnoll hits you but does no damage.
You hit the gnoll. Your kick misses the gnoll.
The gnoll is heavily wounded.
The gnoll barely misses you. x2
You closely miss the gnoll. Your kick misses the gnoll.
The gnoll is heavily wounded.
The gnoll closely misses you. The gnoll completely misses you.
You barely miss the gnoll.
The gnoll is heavily wounded.
The gnoll closely misses you. x2
You hit the gnoll.
The gnoll is severely wounded.
The gnoll completely misses you. The gnoll hits you with a +0 flail.
You hit the gnoll but do no damage. You claw the gnoll. You peck the gnoll.
The gnoll is almost dead.
The gnoll hits you but does no damage. The gnoll misses you.
You slash the gnoll!
You kill the gnoll!
The gnoll hits you with a +2 flail of protection.
You are too injured to fight recklessly!
The gnoll hits you with a +2 flail of protection.
* * * LOW HITPOINT WARNING * * *
You hit the gnoll but do no damage. You claw the gnoll!
The gnoll is heavily wounded.
The gnoll hits you with a +2 flail of protection!
You die...

...#. #.# #.....###..#
.#..#.##.# #...........
.........# #.....###.##
.........# ###.........
#.......# ###.#####.##
#.......# #...#####.##
#.....))####...........
#.....g.#.####.#####.##
#.....@.'(......####...
#.......#.###......#..#
#.......#.# #......#...
#.......#.# #......#...
##..=..##.# #..........
#.....##.# #......#...
#.....##.# ##..####...
#.....##.# #..####...
#.# #....##...


You could see a gnoll.

Vanquished Creatures
  A crimson imp (D:3)
  An orc priest (D:2)
  2 gnolls (D:3)
  An adder (D:3)
  A worm (D:2)
  2 dart slugs
  6 orcs
  4 ball pythons
  4 endoplasms
  A giant cockroach (D:2)
  7 goblins
  6 hobgoblins
  2 jackals (D:3)
  7 kobolds
  2 quokkas
  A bat (D:2)
  4 frilled lizards (D:3)
  4 rats
56 creatures vanquished.

Vanquished Creatures (others)
  5 plants (D:3)
5 creatures vanquished.

Grand Total: 61 creatures vanquished

Notes
Turn   | Place    | Note
-------+----------+-------------------------------------------
     0 | D:1      | Ajdolov the Tengu Monk began the quest for the Orb.
     0 | D:1      | Reached XP level 1. HP: 14/14 MP: 2/2
   252 | D:1      | Reached XP level 2. HP: 19/19 MP: 3/3
   606 | D:2      | Reached skill level 4 in Long Blades
   717 | D:2      | Reached XP level 3. HP: 23/23 MP: 4/4
   804 | D:2      | Identified the +5 morningstar "Dottuurr" {flame, rElec
                  | Int+4}
   901 | D:2      | Reached XP level 4. HP: 10/29 MP: 5/5
  2163 | D:3      | Reached skill level 5 in Long Blades
  2421 | D:3      | Found a burning altar of Makhleb.
  2422 | D:3      | Found a radiant altar of Vehumet.
  2427 | D:3      | Gained mutation: Your magical nature lets you fly swiftly
                  | and evasively. [Tengu growth]
  2427 | D:3      | Reached XP level 5. HP: 33/33 MP: 6/6
  2459 | D:3      | Found a sacrificial altar of Ru.
  2541 | D:3      | Slain by a gnoll

Illustrated notes

Levels and vault maps discovered:
D:1:      heliophobic_arrival_battle_scene, layout_loops_ring
D:2:      layout_loops_corners
D:3:      layout_basic, grunt_temple_overflow_lords_of_destruction,
          nicolae_ru_path_of_blood, serial_aquarium, aquarium_bridge_straight
          [aquarium_subvault_bridge, aquarium_subvault_balcony,
          aquarium_subvault_bridge, aquarium_subvault_balcony],
          aquarium_bridge_square [aquarium_subvault_bridge,
          aquarium_subvault_window, aquarium_subvault_window,
          aquarium_subvault_wall], aquarium_window_fake, aquarium_window_fake,
          aquarium_window_2, aquarium_window_fake, aquarium_view_2e,
          aquarium_view_2g, aquarium_balcony_1a,
          shapermc_ecumenical_altar_notcrosses, hangedman_feature_mirror,
          lexackson_kobold_supper

Skill      XL: |  1  2  3  4 |
---------------+-------------+-----
Long Blades    | 4 5 |  5.7
Fighting       | 4 |  4.1
Dodging        | |  3.2
Stealth        | |  2.0

Action                   |  1- 3 |  4- 6 || total
-------------------------+-------+-------++-------
Melee: Falchion          |    37 |    70 ||   107
       Kick              |    12 |    20 ||    32
       Peck              |     5 |     6 ||    11
  Use: Potion            |       |     1 ||     1
 Stab: Sleeping          |     6 |     3 ||     9
Armor: Robe              |     4 |    10 ||    14
Dodge: Dodged            |    21 |    42 ||    63

Table legend: (Time is in decaauts)
 A = Elapsed time spent in this place.
 B = Non-inter-level travel time spent in this place.
 C = Inter-level travel time spent in this place.
 D = Time resting spent in this place.
 E = Time spent auto-exploring this place.
 F = Levels seen in this place.
 G = Mean time per level.
                   A        B        C        D        E       F      G
               +--------+--------+--------+--------+--------+-----+--------+
         Total |   2537 |   2494 |     43 |    257 |   1847 |   3 |  845.7 |
       Dungeon |   2537 |   2494 |     43 |    257 |   1847 |   3 |  845.7 |
               +--------+--------+--------+--------+--------+-----+--------+

Top non-repeatable levels by time:
     D:2: 1088 daAuts
     D:3: 860 daAuts
     D:1: 588 daAuts
